 Dungeon Crawl Stone Soup version 0.29.1-12-g30fa7ad0bf (webtiles) character file.

Game seed: 7132393310774570468

728 wormed the Cudgeller (level 7, -2/44 HPs)
             Began as a Gargoyle Fighter on Dec 21, 2022.
             Was an Initiate of the Shining One.
             Slain by an ogre
             ... wielding a +0 giant spiked club
              (16 damage)
             ... on level 5 of the Dungeon.
             The game lasted 00:07:41 (4098 turns).

wormed the Cudgeller (Gargoyle Fighter)             Turns: 4098, Time: 00:07:42

Health: -2/44      AC: 22    Str: 21    XL:     7   Next: 72%
Magic:  7/7        EV:  6    Int:  9    God:    the Shining One [......]
Gold:   214        SH:  4    Dex:  9    Spells: 6/6 levels left

rFire   . . .      SeeInvis .   a - +0 flail
rCold   . . .      Faith    .   c - +0 buckler
rNeg    + . .      Spirit   .   s - +0 plate armour
rPois   ∞          Reflect  .   (no helmet)
rElec   +          Harm     .   m - +2 cloak
rCorr   .          Rampage  .   e - +1 pair of gloves
Will    .....      Clarity  +   (no boots)
Stlth   ..........              (no amulet)
HPRegen 0.14/turn               (no ring)
MPRegen 0.10/turn               (no ring)

@: glowing
A: sickness immunity, AC +4, negative energy resistance 1, electricity
resistance, torment resistance 1, petrification resistance, clarity
a: Renounce Religion


You were on level 5 of the Dungeon.
You worshipped the Shining One.
The Shining One was noncommittal.
You visited 1 branch of the dungeon, and saw 6 of its levels.

You collected 214 gold pieces.

Inventory:

Hand Weapons
 a - a +0 flail (weapon)
Armour
 c - a +0 buckler (worn)
 e - a +1 pair of gloves (worn)
 m - a +2 cloak (worn)
 s - a +0 plate armour (worn)
Wands
 l - a wand of charming (7)
 w - a wand of polymorph (4)
 x - a wand of flame (6)
Scrolls
 b - a scroll of noise {unknown}
 g - a scroll of summoning {unknown}
 j - 3 scrolls of teleportation
 n - a scroll of amnesia {unknown}
 q - a scroll of immolation {unknown}
 r - a scroll of poison
 v - 2 scrolls of enchant weapon {unknown}
Potions
 d - 2 potions of degeneration
 f - 2 potions of flight
 h - 2 potions of attraction {unknown}
 i - 2 potions of heal wounds {unknown}
 k - a potion of curing
 o - a potion of resistance {unknown}
 p - a potion of berserk rage {unknown}
 t - a potion of cancellation {unknown}
 u - a potion of brilliance {unknown}


   Skills:
 + Level 5.2 Fighting
 * Level 5.5 Maces & Flails
 + Level 5.1 Armour
 + Level 5.1 Shields


You had 6 spell levels left.
You didn't know any spells.
Your spell library contained the following spells:

 Spells                   Type           Power      Damage    Failure   Level
 Summon Small Mammal      Summ           0%         N/A       100%        1
 Call Canine Familiar     Summ           0%         N/A       100%        3
 Summon Guardian Golem    Hex/Summ       0%         N/A       100%        3
 Iskenderun's Battlesphe  Conj           0%         2d6       100%        5
 Iron Shot                Conj/Erth      0%         9d1       100%        6
 Spellforged Servitor     Conj/Summ      0%         N/A       100%        7


Dungeon Overview and Level Annotations

Branches:
Dungeon (6/15)             Temple (0/1) D:5

Altars:
Ashenzari
Gozag
Qazlal
Sif Muna
Vehumet
The Shining One


Innate Abilities, Weirdness & Mutations

You are immune to sickness and miasma.
Your stone body is resilient. (AC +4)
You are immune to poison.
You resist negative energy. (rN+)
You are resistant to electric shocks. (rElec)
You are resistant to unholy torment.
You are immune to petrification.
You possess an exceptional clarity of mind.


Message History

The iguana bites you but does no damage.
You hit the iguana but do no damage.
The iguana is severely wounded.
The iguana bites you but does no damage.
You barely miss the iguana.
The iguana is severely wounded.
The iguana bites you but does no damage.
You sock the iguana!
You kill the iguana!
No target in view!
No target in view!
No target in view!
No target in view!
No target in view!
HP restored.
An ogre comes into view. It is wielding a +0 giant spiked club.
The ogre shouts!
An ogre is nearby!
Found a ring mail.
The ogre hits you with a +0 giant spiked club!
You thump the ogre!
The ogre is moderately wounded.
The ogre hits you with a +0 giant spiked club!
* * * LOW HITPOINT WARNING * * *
You are too injured to fight recklessly!
You are too injured to fight recklessly!
You are too injured to fight recklessly!
You are too injured to fight recklessly!
You are too injured to fight recklessly!
You are too injured to fight recklessly!
You are too injured to fight recklessly!
You are too injured to fight recklessly!
You are too injured to fight recklessly!
You are too injured to fight recklessly!
You thump the ogre!
The ogre is severely wounded.
You hit the ogre.
The ogre is almost dead.
The ogre hits you with a +0 giant spiked club!
You die...

#.............##
####.........##
##.......##
##......#
##....## #
##..## .## #..##
...##
##..###.....#
#...@O...[.#
#..##........
#.##........#
#.. .........#
#.##.........#
#. #.........#
.. #.........#
#........##


You could see an ogre.

Vanquished Creatures
  A water moccasin (D:3)
  An ogre (D:4)
  A necrophage (D:4)
  A scorpion (D:4)
  2 howler monkeys (D:4)
  A hound (D:4)
  3 iguanas
  2 orc wizards
  5 adders
  7 gnolls
  An ufetubus (D:4)
  A dart slug (D:3)
  4 orcs
  4 ball pythons
  4 endoplasms
  3 giant cockroaches
  9 goblins
  10 hobgoblins
  4 jackals (D:5)
  2 kobolds
  6 quokkas
  5 bats
  5 frilled lizards
82 creatures vanquished.

Notes
Turn   | Place    | Note
-------+----------+-------------------------------------------
     0 | D:1      | wormed the Gargoyle Fighter began the quest for the Orb.
     0 | D:1      | Reached XP level 1. HP: 14/14 MP: 1/1
   118 | D:1      | Reached XP level 2. HP: 16/19 MP: 2/2
   964 | D:2      | Reached XP level 3. HP: 23/23 MP: 3/3
  1067 | D:2      | Found a faded altar of an unknown god.
  1314 | D:2      | Reached XP level 4. HP: 28/29 MP: 4/4
  1526 | D:3      | Noticed a water moccasin
  1554 | D:3      | Killed a water moccasin
  1555 | D:3      | Reached XP level 5. HP: 18/33 MP: 5/5
  2009 | D:3      | Found a glowing golden altar of the Shining One.
  2019 | D:3      | Became a worshipper of the Shining One
  2090 | D:3      | Found a shimmering blue altar of Sif Muna.
  2382 | D:4      | Found a broken altar of Ashenzari.
  2437 | D:4      | Reached XP level 6. HP: 19/39 MP: 6/6
  2624 | D:4      | Found a stormy altar of Qazlal.
  3024 | D:4      | Reached XP level 7. HP: 44/44 MP: 7/7
  3436 | D:5      | Entered Level 5 of the Dungeon
  3441 | D:4      | Gained mutation: You are weak. (Str -2) [potion of
                  | mutation]
  3441 | D:4      | Gained mutation: You are somewhat resistant to further
                  | mutation. [potion of mutation]
  3442 | D:4      | Lost mutation: You are weak. (Str -2) [potion of mutation]
  3442 | D:4      | Lost mutation: You are somewhat resistant to further
                  | mutation. [potion of mutation]
  3442 | D:4      | Gained mutation: You possess an exceptional clarity of
                  | mind. [potion of mutation]
  3455 | D:4      | Reached skill level 5 in Maces & Flails
  3474 | D:4      | Reached skill level 5 in Fighting
  3590 | D:4      | Reached skill level 5 in Armour
  3590 | D:4      | Reached skill level 5 in Shields
  3749 | D:5      | Found a radiant altar of Vehumet.
  3790 | D:5      | You fall into a shaft and drop 1 floor!
  3922 | D:5      | Found an opulent altar of Gozag.
  4021 | D:5      | Found a staircase to the Ecumenical Temple.
  4098 | D:5      | Slain by an ogre

Illustrated notes

Levels and vault maps discovered:
D:1:      minmay_arrival_arboretum_large, layout_rooms, due_unseen_surprise
D:2:      layout_loops_ring, ebering_ecumenical_altar_abandoned,
          minmay_door_square, kennysheep_pointless_box
D:3:      layout_rooms, lemuel_blue_sif_altar, lemuel_round_altar
D:4:      layout_basic, mainiacjoe_overflow_catch_the_wave
D:5:      layout_cave_pods, mainiacjoe_overflow_alcove_4,
          mainiacjoe_overflow_concentric_impassable,
          minmay_temple_entry_statues_pillars, uniq_edmund
D:6:      layout_loops_ring, mainiacjoe_overflow_small_starburst

Skill      XL: |  1  2  3  4  5  6  7 |
---------------+----------------------+-----
Maces & Flails | 3 4 5 |  5.5
Fighting       | 4 5 |  5.2
Armour         | 4 5 |  5.1
Shields        | 4 5 |  5.1

Action                   |  1- 3 |  4- 6 |  7- 9 || total
-------------------------+-------+-------+-------++-------
Melee: Flail             |    82 |   151 |    91 ||   324
  Use: Scroll            |     2 |     4 |     2 ||     8
       Potion            |       |     1 |     2 ||     3
Armor: Scale mail        |    40 |    44 |       ||    84
       Skin              |     1 |       |       ||     1
       Plate armour      |       |    68 |    82 ||   150
Dodge: Dodged            |    52 |    41 |    40 ||   133
Block: Buckler           |    23 |    39 |    36 ||    98
